 Dungeon Crawl Stone Soup version 0.24.1 (webtiles) character file.

Game seed: 2372133339521642234, levelgen mode: deterministic

126987 Alter the Blocker (level 17, -4/148 HPs)
             Began as a Gnoll Fighter on Oct 26, 2019.
             Was the Champion of the Shining One.
             Slain by Donald
             ... wielding a +0 double sword
              (22 damage)
             ... on level 4 of the Shoals on Apr 2, 2020.
             The game lasted 01:43:58 (22092 turns).

Alter the Blocker (Gnoll Fighter)                  Turns: 22092, Time: 01:43:59

Health: -4/148     AC: 31    Str: 33    XL:     17   Next: 0%
Magic:  32/32      EV: 19    Int:  9    God:    the Shining One [******]
Gold:   394        SH:  0    Dex: 16    Spells: 34/38 levels left

rFire    + . .     SeeInvis +   z - +8 whip "Snakebite" {curare, rPois}
rCold    + . .     Gourm    .   J - +0 shield {AC+3}
rNeg     + + +     Faith    .   A - +6 plate armour of the Little Devil {rElec Int-5 SInv}
rPois    +         Spirit   .   M - +0 helmet
rElec    +         Reflect  .   v - scarf {rC+ rF+}
rCorr    .         Harm     .   O - +2 pair of gloves {Str+3}
MR       +....                  W - +0 pair of boots
Stlth    +.........             l - amulet of regeneration
HPRegen  0.74/turn              Q - +4 ring of evasion
MPRegen  0.23/turn              s - +5 ring of strength

@: sleeping, glowing
A: distributed training, fangs 1, thin skeletal structure 1, robust 1, strong 1,
subdued magic 1, strong nose
a: Divine Shield, Cleansing Flame, Summon Divine Warrior, Brand Weapon With Holy
Wrath, Renounce Religion


You were on level 4 of the Shoals.
You worshipped the Shining One.
The Shining One was exalted by your worship.
You were very hungry.

You visited 3 branches of the dungeon, and saw 25 of its levels.
You also visited: Sewer.

You collected 2082 gold pieces.
You spent 1688 gold pieces at shops.

Inventory:

Hand Weapons
 z - the +8 whip "Snakebite" (weapon) {curare, rPois}
   (You found it on level 1 of the Lair of Beasts)

   It poisons the flesh of those it strikes.
   It protects you from poison.
 F - a +5 flail
 H - a +3 morningstar
Missiles
 d - 51 poisoned darts (quivered)
Armour
 v - a scarf of resistance (worn)
 A - the +6 plate armour of the Little Devil (worn) {rElec Int-5 SInv}
   (You found it on level 2 of the Lair of Beasts)

   It affects your intelligence (-5).
   It insulates you from electricity.
   It lets you see invisible.
 J - a +0 shield of protection (worn)
 M - a +0 helmet (worn)
 O - a +2 pair of gloves of strength (worn)
 W - a +0 pair of boots (worn)
Jewellery
 h - a +2 ring of evasion
 l - an amulet of regeneration (around neck)
 r - an uncursed ring of protection from magic {unknown}
 s - a +5 ring of strength (right hand)
 G - a +3 ring of protection
 K - an uncursed ring of poison resistance
 Q - a +4 ring of evasion (left hand)
 T - a +3 ring of evasion
Wands
 b - a wand of flame (77)
 c - a wand of polymorph (4)
 e - a wand of digging (7)
 x - a wand of acid (9)
Scrolls
 g - 15 scrolls of remove curse
 j - a scroll of enchant weapon
 k - 10 scrolls of teleportation
 m - 2 scrolls of enchant armour
 o - 3 scrolls of magic mapping
 y - 4 scrolls of amnesia
 L - a scroll of identify
 P - 2 scrolls of fog
 R - a scroll of summoning
 V - 2 scrolls of brand weapon
Potions
 i - 3 potions of haste
 n - 4 potions of brilliance
 p - 4 potions of mutation
 q - 3 potions of agility
 t - 2 potions of curing
 u - a potion of flight
 B - 4 potions of might
 D - 2 potions of magic
 E - a potion of lignification
 I - a potion of resistance
 X - 3 potions of ambrosia
Miscellaneous
 w - a lightning rod (4/4)
 C - a sack of spiders
 N - a fan of gales
 S - a phantom mirror
Comestibles
 a - 7 chunks of flesh
 f - 44 rations


   Skills:
 + Level 12.5 Fighting
 + Level 11.0 Short Blades
 + Level 11.0 Long Blades
 + Level 11.0 Axes
 + Level 11.8 Maces & Flails
 + Level 11.0 Polearms
 + Level 11.0 Staves
 + Level 11.0 Slings
 + Level 11.0 Bows
 + Level 11.0 Crossbows
 + Level 11.0 Throwing
 + Level 12.5 Armour
 + Level 11.0 Dodging
 + Level 11.0 Stealth
 + Level 12.5 Shields
 + Level 11.0 Unarmed Combat
 + Level 11.0 Spellcasting
 + Level 9.4 Conjurations
 + Level 9.4 Hexes
 + Level 9.4 Charms
 + Level 9.4 Summonings
 + Level 9.4 Necromancy
 + Level 9.4 Translocations
 + Level 9.4 Transmutations
 + Level 9.4 Fire Magic
 + Level 9.4 Ice Magic
 + Level 9.4 Air Magic
 + Level 9.4 Earth Magic
 + Level 9.4 Poison Magic
 + Level 11.9 Invocations
 + Level 11.0 Evocations


You had 34 spell levels left.
You knew the following spells:

 Your Spells              Type           Power        Failure   Level  Hunger
a - Flame Tongue          Conj/Fire      ###..        1%          1    None
b - Magic Dart            Conj           ###.         1%          1    None
c - Blink                 Tloc           N/A          2%          2    #......

Your spell library contained the following spells:

 Spells                   Type           Power        Failure   Level  Hunger
 Animate Skeleton         Necr           N/A          1%          1    None
 Apportation              Tloc           ###...       1%          1    None
 Beastly Appendage        Tmut           ###...       1%          1    None
 Confusing Touch          Hex            ###...       1%          1    None
 Summon Small Mammal      Summ           ###.         1%          1    None
 Call Imp                 Summ           ###.....     2%          2    #......
 Corpse Rot               Necr           N/A          2%          2    #......
 Slow                     Hex            ###.....     2%          2    #......
 Sticks to Snakes         Tmut           ###.....     2%          2    #......
 Sublimation of Blood     Necr           ###.......   2%          2    #......
 Throw Flame              Conj/Fire      ###...       2%          2    #......
 Conjure Flame            Conj/Fire      ###.....     4%          3    ##.....
 Inner Flame              Hex/Fire       ###.....     4%          3    ##.....
 Mephitic Cloud           Conj/Pois/Air  ###.....     4%          3    ##.....
 Spider Form              Tmut/Pois      ###.......   4%          3    ##.....
 Static Discharge         Conj/Air       ###.....     4%          3    ##.....
 Stone Arrow              Conj/Erth      ###...       4%          3    ##.....
 Ice Form                 Ice/Tmut       ###.....     17%         4    ####...
 Leda's Liquefaction      Hex/Erth       ###.......   17%         4    ####...
 Sticky Flame             Conj/Fire      ###.....     17%         4    ####...
 Agony                    Necr           ###.....     45%         5    ######.
 Blade Hands              Tmut           ###.......   45%         5    ######.
 Bolt of Draining         Conj/Necr      ###.......   45%         5    ######.
 Dispel Undead            Necr           ###.....     45%         5    ######.
 Excruciating Wounds      Chrm/Necr      ###.......   45%         5    ######.
 Fireball                 Conj/Fire      ###.......   45%         5    ######.
 Lightning Bolt           Conj/Air       ###.......   45%         5    ######.
 Summon Forest            Summ/Tloc      ###.......   45%         5    ######.
 Hydra Form               Tmut           ###.......   96%         6    #######
 Summon Hydra             Summ           ###.......   100%        7    #######
 Ignition                 Fire           ###.......   100%        8    #######
 Shatter                  Erth           ###.......   100%        9    #######
 Tornado                  Air            ###.......   100%        9    #######


Dungeon Overview and Level Annotations

Branches:
Dungeon (15/15)            Temple (0/1) D:7            Lair (6/6) D:11
 Shoals (4/4) Lair:2        Snake (0/4) Lair:3        Slime (0/5) Lair:5
    Orc (0/2) D:9          Vaults (0/5) D:14         Depths (0/5) D:15
  Sewer (visited)

Altars:
Ashenzari
Cheibriados
Dithmenos
Elyvilon
Fedhas
Hepliaklqana
Qazlal
Sif Muna
Uskayaw
The Shining One

Shops:
D:8 [   D:9 (   D:10 :   D:14 *   Shoals:1 }(?!

Annotations:
Lair:1 exclusion: 4 oklob plants
Lair:5 exclusion: oklob plant
Lair:6 exclusion: oklob plant
Shoals:4 Donald


Innate Abilities, Weirdness & Mutations

Your experience applies equally to all skills.
You have very sharp teeth.
Your uncanny sense of smell can sniff out nearby items.
You have a somewhat thin skeletal structure. (Dex +2, Stealth)
You are robust. (+10% HP)
Your muscles are strong. (Str +2)
Your spells are a little easier to cast, but a little less powerful.


Message History

The satyr shouts!
The satyr unwields a +0 quarterstaff.
The satyr wields a -3 longbow.
The satyr shoots an arrow.
You block the arrow.
You hear a splash.
The merfolk hits you from afar with a +0 trident!
* * * LOW HITPOINT WARNING * * *
You block Donald's attack.
You see here an arrow.
The water nymph gestures at you while chanting.
The water swirls and strikes you!
* * * LOW HITPOINT WARNING * * *
The wind drake exhales a fierce blast of wind!
You are blown backwards!
Donald is blown away by the wind.
The satyr shoots an arrow.
You block the arrow.
Found a ration.
The merfolk shouts!
The satyr plays a lulling melody on his pipes!
You fall asleep.
Donald hits you with a +0 double sword!!
You die...

.......?..###..≈...≈≈≈≈≈
.%..........≈.≈≈≈≈≈≈≈≈≈≈
......?..≈≈.....≈≈≈≈≈≈≈≈
.......≈≈≈..≈#..≈≈≈≈≈≈≈≈
.......≈≈..c###..≈≈≈≈≈≈≈
.......≈m(m.###..≈≈≈≈≈≈≈
.....(.≈mm≈.....≈≈≈≈≈≈≈≈
........(@k≈≈≈≈≈≈≈≈≈≈≈≈≈≈≈
..........@≈≈≈≈≈≈.≈≈≈≈≈≈≈≈≈
≈.........(.<<..≈≈≈≈≈≈≈≈≈≈≈≈
≈≈........(.#c..≈≈≈(≈≈≈≈≈≈≈#
≈≈≈≈..........m..≈≈≈(≈≈≈≈≈≈≈
≈≈≈≈≈<≈.......≈..≈≈≈≈≈≈≈≈≈≈#
≈≈≈≈≈≈≈≈≈..?...≈≈≈≈≈≈≈≈≈≈≈≈≈
≈≈≈≈≈≈.<..(.....≈)≈≈≈≈≈≈≈≈≈≈
≈≈≈≈≈≈≈.....###....≈≈≈≈≈....
≈≈≈≈≈≈≈...### #...≈≈≈.......


You could see Donald, a satyr, a wind drake, 4 merfolk, a faun and a water
nymph.

Vanquished Creatures
  3 merfolk javelineers
  6 merfolk impalers
  Harold (D:10)
  A fire dragon (Lair:6)
  Fannar (D:12)
  Josephine (D:12)
  2 vault guards (D:14)
  2 catoblepae
  5 centaur warriors
  A merfolk aquamancer (Shoals:1)
  6 hydras
  Erica (D:11)
  A satyr (Shoals:3)
  An ogre mage (D:14)
  A merfolk avatar (Shoals:2)
  6 two-headed ogres
  A death knight (D:14)
  Urug (Lair:6)
  A death yak (Lair:4)
  2 skeletal warriors (D:15)
  5 unseen horrors
  10 sea snakes
  2 orc knights (D:15)
  3 wizards
  A tengu zombie (D:15)
  A deep elf mage (D:11)
  Pikel (D:9)
  10 harpies (Shoals:3)
  A phantasmal warrior (D:15)
  4 lindwurms (Lair:6)
  4 necromancers
  An iron dragon zombie (D:15)
  10 fauns
  17 ugly things
  A fire giant zombie (D:15)
  The ghost of Erac the Changer, a novice MfTm of Okawaru (D:5)
  4 cyclopes
  7 manticores
  9 elephants
  8 merfolk sirens
  Maurice (D:12)
  A centaur zombie (D:14)
  3 water nymphs
  6 black mambas
  2 centaur skeletons
  4 gargoyles
  8 torpor snails
  A kobold demonologist (D:13)
  18 spiny frogs
  4 komodo dragons
  2 yaktaurs
  3 rime drakes
  2 freezing wraiths
  A tengu conjurer (D:13)
  A yaktaur zombie (D:15)
  An efreet (D:15)
  A queen bee (shapeshifter) (D:15)
  2 trolls
  A hornet (shapeshifter) (D:11)
  16 merfolk
  A wind drake (Shoals:3)
  7 hornets
  4 tyrant leeches (Lair:6)
  17 blink frogs
  15 hippogriffs
  A slime creature (D:11)
  4 snapping turtles
  A spriggan (shapeshifter) (D:13)
  A shadow (D:13)
  7 wraiths
  4 wyverns
  16 humans (D:14)
  9 water elementals
  36 yaks
  A basilisk (Lair:6)
  3 vampire mosquitoes
  A steam dragon (Lair:5)
  2 wargs (D:15)
  An acid dragon (D:11)
  32 water moccasins
  8 porcupines
  12 orc warriors
  3 ice beasts
  4 sky beasts
  A hornet zombie (D:11)
  An eye of draining (D:11)
  2 black bears (D:11)
  3 necrophages
  5 phantoms
  13 centaurs
  9 ogres
  A wolf (Lair:6)
  7 crocodiles
  3 big kobolds
  16 bullfrogs
  A water moccasin skeleton (D:9)
  3 scorpions
  7 killer bees
  An electric eel (Lair:5)
  9 wights
  4 howler monkeys
  7 crimson imps
  4 hounds
  10 orc wizards
  A bullfrog skeleton (D:12)
  7 jellies
  6 orc priests
  Ijyb (D:5)
  4 iguanas
  13 worker ants
  2 killer bee zombies (D:5)
  Robin (D:2)
  6 gnolls
  A worker ant zombie (D:5)
  17 adders
  A river rat (Sewer)
  2 shadow imps
  8 oozes
  An adder skeleton (D:8)
  7 worms
  7 leopard geckos
  63 orcs
  7 giant cockroaches
  16 goblins
  12 hobgoblins
  17 jackals
  5 quokkas
  3 ball pythons
  3 bats
  11 frilled lizards
  23 kobolds
  12 rats
  A bush (Lair:2)
  4 fungi
  14 plants
795 creatures vanquished.

Vanquished Creatures (collateral kills)
  Ilsuiw (Shoals:3)
  A merfolk impaler (Shoals:3)
  A water nymph (Shoals:3)
3 creatures vanquished.

Vanquished Creatures (others)
  An orc warrior (D:9)
  A crocodile (Lair:5)
  An adder zombie (D:9)
  An orc (D:11)
  3 fungi
  23 plants
  7 tentacles (Shoals:4)
37 creatures vanquished.

Grand Total: 835 creatures vanquished

Notes
Turn   | Place    | Note
-------+----------+-------------------------------------------
     0 | D:1      | Alter the Gnoll Fighter began the quest for the Orb.
     0 | D:1      | Reached XP level 1. HP: 23/23 MP: 1/1
   420 | D:1      | Reached XP level 2. HP: 29/29 MP: 2/2
   951 | D:2      | Reached XP level 3. HP: 17/35 MP: 3/3
  1044 | D:2      | Reached skill level 1 in Invocations
  1229 | D:2      | Found a glowing golden altar of the Shining One.
  1232 | D:2      | Became a worshipper of the Shining One
  1248 | D:2      | Reached skill level 1 in Short Blades
  1248 | D:2      | Reached skill level 1 in Long Blades
  1248 | D:2      | Reached skill level 1 in Axes
  1248 | D:2      | Reached skill level 1 in Polearms
  1248 | D:2      | Reached skill level 1 in Staves
  1248 | D:2      | Reached skill level 1 in Slings
  1248 | D:2      | Reached skill level 1 in Bows
  1248 | D:2      | Reached skill level 1 in Crossbows
  1248 | D:2      | Reached skill level 1 in Throwing
  1248 | D:2      | Reached skill level 1 in Dodging
  1248 | D:2      | Reached skill level 1 in Stealth
  1248 | D:2      | Reached skill level 1 in Unarmed Combat
  1248 | D:2      | Reached skill level 1 in Spellcasting
  1248 | D:2      | Reached skill level 1 in Evocations
  1288 | D:2      | Found a white marble altar of Elyvilon.
  1509 | D:2      | Noticed Robin
  1510 | D:2      | Reached XP level 4. HP: 41/41 MP: 5/5
  1538 | D:2      | Killed Robin
  1774 | D:3      | Reached skill level 1 in Conjurations
  1774 | D:3      | Reached skill level 1 in Hexes
  1774 | D:3      | Reached skill level 1 in Charms
  1774 | D:3      | Reached skill level 1 in Summonings
  1774 | D:3      | Reached skill level 1 in Necromancy
  1774 | D:3      | Reached skill level 1 in Translocations
  1774 | D:3      | Reached skill level 1 in Transmutations
  1774 | D:3      | Reached skill level 1 in Fire Magic
  1774 | D:3      | Reached skill level 1 in Ice Magic
  1774 | D:3      | Reached skill level 1 in Air Magic
  1774 | D:3      | Reached skill level 1 in Earth Magic
  1774 | D:3      | Reached skill level 1 in Poison Magic
  2092 | D:3      | Reached XP level 5. HP: 43/47 MP: 6/6
  2739 | D:4      | Noticed an ogre
  2748 | D:4      | Killed an ogre
  2748 | D:4      | Reached XP level 6. HP: 53/53 MP: 8/8
  2827 | D:4      | Gained mutation: You have a somewhat thin skeletal
                  | structure. (Dex +2, Stealth) [potion of mutation]
  2827 | D:4      | Gained mutation: You have sharp toenails. [potion of
                  | mutation]
  2827 | D:4      | Gained mutation: You passively map a small area around you.
                  | [potion of mutation]
  2827 | D:4      | Gained mutation: You are agile. (Dex +2) [potion of
                  | mutation]
  2896 | D:4      | Reached skill level 5 in Maces & Flails
  3062 | D:4      | Got a steaming hand axe
  3063 | D:4      | Identified the cursed +1 hand axe "Bung" {chop, *Corrode
                  | +Blink Dex+3} (You found it on level 4 of the Dungeon)
  3274 | D:4      | You fall into a shaft and drop 1 floor!
  3274 | D:5      | Entered Level 5 of the Dungeon
  3274 | D:5      | Noticed Ijyb
  3275 | D:5      | Noticed a phantom
  3279 | D:5      | Killed Ijyb
  3280 | D:5      | Found a runed translucent door.
  3285 | D:5      | Reached XP level 7. HP: 50/59 MP: 10/10
  3293 | D:5      | Noticed Erac's ghost (novice MfTm)
  3309 | D:5      | Killed Erac's ghost
  3309 | D:5      | Reached * piety under the Shining One
  3309 | D:5      | Reached XP level 8. HP: 30/67 MP: 12/12
  3318 | D:5      | Found a runed translucent door.
  3370 | D:5      | Found a glowing drain.
  3397 | Sewer    | Entered a sewer
  3747 | D:5      | Found a stormy altar of Qazlal.
  3864 | D:4      | Got a twisted scale mail
  3875 | D:4      | Identified the +4 scale mail "Riodeol" {rF+ Str+4} (You
                  | found it on level 4 of the Dungeon)
  4647 | D:6      | Reached XP level 9. HP: 72/72 MP: 14/14
  5316 | D:7      | Reached ** piety under the Shining One
  5360 | D:7      | Found a staircase to the Ecumenical Temple.
  5958 | D:8      | Reached skill level 5 in Invocations
  6124 | D:8      | Found Fine's Antique Armour Shop.
  6135 | D:8      | Bought a fine ring mail for 216 gold pieces
  6148 | D:8      | Identified the +2 ring mail of Philately {Dex+3} (You
                  | bought it in a shop on level 8 of the Dungeon)
  6169 | D:8      | Found a snail-covered altar of Cheibriados.
  6169 | D:8      | Found a shadowy altar of Dithmenos.
  6169 | D:8      | Found a hide-covered altar of Uskayaw.
  6316 | D:8      | Found a glowing golden altar of the Shining One.
  6383 | D:8      | Reached XP level 10. HP: 80/80 MP: 17/17
  6407 | D:8      | Learned a level 1 spell: Flame Tongue
  6410 | D:8      | Learned a level 1 spell: Magic Dart
  6413 | D:8      | Learned a level 2 spell: Blink
  6584 | D:9      | Reached skill level 5 in Short Blades
  6584 | D:9      | Reached skill level 5 in Long Blades
  6584 | D:9      | Reached skill level 5 in Axes
  6584 | D:9      | Reached skill level 5 in Polearms
  6584 | D:9      | Reached skill level 5 in Staves
  6584 | D:9      | Reached skill level 5 in Slings
  6584 | D:9      | Reached skill level 5 in Bows
  6584 | D:9      | Reached skill level 5 in Crossbows
  6584 | D:9      | Reached skill level 5 in Throwing
  6584 | D:9      | Reached skill level 5 in Dodging
  6584 | D:9      | Reached skill level 5 in Stealth
  6584 | D:9      | Reached skill level 5 in Unarmed Combat
  6584 | D:9      | Reached skill level 5 in Spellcasting
  6584 | D:9      | Reached skill level 5 in Evocations
  6617 | D:9      | Found a staircase to the Orcish Mines.
  6626 | D:9      | Found Masur's Weapon Shop.
  6633 | D:9      | Noticed Pikel
  6648 | D:9      | Killed Pikel
  6677 | D:9      | Found a blossoming altar of Fedhas.
  6680 | D:9      | Found a hazy altar of Hepliaklqana.
  6976 | D:10     | Entered Level 10 of the Dungeon
  6994 | D:10     | Noticed Harold
  7015 | D:10     | Killed Harold
  7269 | D:10     | Reached *** piety under the Shining One
  7402 | D:10     | Found Meth's Book Shoppe.
  7633 | D:11     | Noticed a gargoyle
  7653 | D:11     | Killed a gargoyle
  7653 | D:11     | Reached XP level 11. HP: 44/87 MP: 19/19
  7678 | D:11     | Noticed a centaur warrior
  7681 | D:11     | Noticed a cyclops
  7681 | D:11     | Noticed a deep elf mage
  7681 | D:11     | Noticed a two-headed ogre
  7683 | D:11     | Identified the +9 great mace of Departure {speed, rN+
                  | Dex+4}
  7693 | D:11     | Killed a deep elf mage
  7697 | D:11     | Killed a two-headed ogre
  7708 | D:11     | Killed a cyclops
  7708 | D:11     | Reached skill level 5 in Conjurations
  7708 | D:11     | Reached skill level 5 in Hexes
  7708 | D:11     | Reached skill level 5 in Charms
  7708 | D:11     | Reached skill level 5 in Summonings
  7708 | D:11     | Reached skill level 5 in Necromancy
  7708 | D:11     | Reached skill level 5 in Translocations
  7708 | D:11     | Reached skill level 5 in Transmutations
  7708 | D:11     | Reached skill level 5 in Fire Magic
  7708 | D:11     | Reached skill level 5 in Ice Magic
  7708 | D:11     | Reached skill level 5 in Air Magic
  7708 | D:11     | Reached skill level 5 in Earth Magic
  7708 | D:11     | Reached skill level 5 in Poison Magic
  7710 | D:11     | Noticed a centaur warrior
  7721 | D:11     | Killed a centaur warrior
  7729 | D:11     | Killed a centaur warrior
  7800 | D:11     | Noticed a harpy
  7800 | D:11     | a black bear changed into a harpy
  7805 | D:11     | a harpy changed into a hornet
  7891 | D:11     | Noticed Erica
  7905 | D:11     | Killed Erica
  8108 | D:11     | Noticed a two-headed ogre
  8118 | D:11     | Killed a two-headed ogre
  8294 | D:11     | Reached XP level 12. HP: 91/96 MP: 22/22
  8717 | D:11     | Found a staircase to the Lair.
  8737 | Lair:1   | Entered Level 1 of the Lair of Beasts
  8899 | Lair:1   | Noticed a seven-headed hydra
  8907 | Lair:1   | Killed a seven-headed hydra
  9217 | Lair:1   | Reached **** piety under the Shining One
  9232 | Lair:1   | Found the +8 whip "Snakebite" {curare, rPois}
  9750 | Lair:2   | Reached skill level 10 in Fighting
  9750 | Lair:2   | Reached skill level 10 in Armour
  9750 | Lair:2   | Reached skill level 10 in Shields
  9846 | Lair:2   | Got a steaming plate armour
  9857 | Lair:2   | Identified the +6 plate armour of the Little Devil {rElec
                  | Int-5 SInv} (You found it on level 2 of the Lair of Beasts)
 10239 | Lair:2   | Found a staircase to the Shoals.
 10287 | Shoals:1 | Entered Level 1 of the Shoals
 10569 | Lair:3   | Reached XP level 13. HP: 103/103 MP: 24/24
 10578 | Lair:3   | Found a staircase to the Snake Pit.
 12388 | Lair:5   | Found a staircase to the Slime Pits.
 12805 | Lair:6   | Entered Level 6 of the Lair of Beasts
 12809 | Lair:6   | Noticed Urug
 12813 | Lair:6   | Reached ***** piety under the Shining One
 12821 | Lair:6   | Killed Urug
 13105 | Lair:6   | Reached XP level 14. HP: 23/111 MP: 26/26
 13515 | Lair:6   | Reached skill level 10 in Maces & Flails
 13970 | Lair:6   | Found a runed translucent door.
 14014 | Lair:6   | Paralysed by a hornet for 2 turns
 14081 | Lair:6   | Reached skill level 10 in Invocations
 14880 | D:12     | Noticed Maurice
 14900 | D:12     | Killed Maurice
 14953 | D:12     | Noticed Fannar
 14968 | D:12     | Killed Fannar
 14990 | D:12     | Noticed Josephine
 15001 | D:12     | Killed Josephine
 15739 | D:13     | Found a shattered altar of Ashenzari.
 16197 | D:13     | Reached XP level 15. HP: 112/119 MP: 28/28
 16469 | D:14     | Found Goumamys's Assorted Antiques.
 16584 | D:14     | Reached ****** piety under the Shining One
 16729 | D:14     | Found a gate to the Vaults.
 16809 | D:14     | Lost mutation: You have sharp toenails. [potion of
                  | mutation]
 16809 | D:14     | Lost mutation: You are agile. (Dex +2) [potion of mutation]
 16809 | D:14     | Lost mutation: You passively map a small area around you.
                  | [potion of mutation]
 16809 | D:14     | Gained mutation: You are robust. (+10% HP) [potion of
                  | mutation]
 16809 | D:14     | Gained mutation: Your spells are a little easier to cast,
                  | but a little less powerful. [potion of mutation]
 16809 | D:14     | Gained mutation: Your muscles are strong. (Str +2) [potion
                  | of mutation]
 17070 | D:14     | Found a shimmering blue altar of Sif Muna.
 17485 | D:15     | Entered Level 15 of the Dungeon
 17530 | D:14     | Reached skill level 10 in Short Blades
 17530 | D:14     | Reached skill level 10 in Long Blades
 17530 | D:14     | Reached skill level 10 in Axes
 17530 | D:14     | Reached skill level 10 in Polearms
 17530 | D:14     | Reached skill level 10 in Staves
 17530 | D:14     | Reached skill level 10 in Slings
 17530 | D:14     | Reached skill level 10 in Bows
 17530 | D:14     | Reached skill level 10 in Crossbows
 17530 | D:14     | Reached skill level 10 in Throwing
 17530 | D:14     | Reached skill level 10 in Dodging
 17530 | D:14     | Reached skill level 10 in Stealth
 17530 | D:14     | Reached skill level 10 in Unarmed Combat
 17530 | D:14     | Reached skill level 10 in Spellcasting
 17530 | D:14     | Reached skill level 10 in Evocations
 17736 | D:15     | Found a staircase to the Depths.
 17961 | D:15     | Found a glowing golden altar of the Shining One.
 18422 | D:15     | Reached XP level 16. HP: 139/139 MP: 30/30
 19149 | Shoals:1 | Found Radenipp's Distillery.
 19152 | Shoals:1 | Found Inaceot's Magic Scroll Boutique.
 19416 | Shoals:1 | Bought a scroll of identify for 40 gold pieces
 19416 | Shoals:1 | Bought a scroll of enchant armour for 150 gold pieces
 19416 | Shoals:1 | Bought a scroll of enchant armour for 150 gold pieces
 19466 | Shoals:1 | Bought a scroll of identify for 40 gold pieces
 19470 | Shoals:1 | Found Kareosha's Gadget Emporium.
 19507 | Shoals:1 | Bought a wand of digging (3) for 196 gold pieces
 19507 | Shoals:1 | Bought a lightning rod (4/4) for 560 gold pieces
 19596 | Shoals:1 | Found Keloa's Weapon Shop.
 19845 | Shoals:1 | Bought a potion of heal wounds for 60 gold pieces
 19845 | Shoals:1 | Bought a potion of resistance for 120 gold pieces
 19845 | Shoals:1 | Bought a potion of might for 48 gold pieces
 19845 | Shoals:1 | Bought a potion of heal wounds for 60 gold pieces
 19845 | Shoals:1 | Bought a potion of might for 48 gold pieces
 21016 | Shoals:3 | Noticed Ilsuiw
 21178 | Shoals:1 | Upgraded the game from 0.24.0-1-gfbc8707122 to
                  | 0.24.0-10-g970556be89
 21178 | Shoals:1 | Upgraded the game from 0.24.0-10-g970556be89 to
                  | 0.24.0-123-gd5b16e6ec5
 21178 | Shoals:1 | Upgraded the game from 0.24.0-123-gd5b16e6ec5 to
                  | 0.24.0-125-gc4c63601f3
 21178 | Shoals:1 | Upgraded the game from 0.24.0-125-gc4c63601f3 to 0.24.1
 21512 | Shoals:3 | Killed Ilsuiw
 21979 | Shoals:4 | Entered Level 4 of the Shoals
 22045 | Shoals:4 | Noticed a kraken
 22058 | Shoals:4 | Noticed Donald
 22070 | Shoals:4 | Reached XP level 17. HP: 37/148 MP: 32/32
 22092 | Shoals:4 | Slain by Donald

Levels and vault maps discovered:
D:1:      dpeg_arrival_circle_labyrinth_c, layout_basic,
          minmay_misc_feat_columns
D:2:      layout_loops_corners, tso_oasis_becter, lemuel_coloured_pillars_altar,
          uniq_robin
D:3:      layout_loops_corners, first_ration, st_stairs_1
D:4:      layout_loops_ring
D:5:      minmay_spotlight, layout_rooms, nicolae_overflow_crystal_walls,
          cheibrodos_sewer_entry_drain, ebering_ghost_sewer_f, uniq_ijyb
D:6:      layout_basic, minmay_holes, hangedman_decor_clover_reticule
D:7:      layout_loops_ring, temple_doors_e
D:8:      layout_gridville, gammafunk_temple_overflow_claw, serial_shops, shop,
          nicolae_tso_carved_into_rock
D:9:      layout_cross, overflow_temple_1_default, overflow_temple_1_default,
          orc_david_3, uniq_pikel
D:10:     layout_roguey, serial_shops, shop, uniq_harold
D:11:     minmay_the_grid_triangle_9x9_recursive_2
          [minmay_the_grid_triangle_9x9_prize_schism,
          minmay_the_grid_triangle_9x9_pentomino_pain,
          minmay_the_grid_triangle_9x9_descending_squares,
          minmay_the_grid_triangle_9x9_warning], layout_grid_maze,
          grunt_lair_entry_orc_guard_hut, hangedman_little_slice_of_home,
          uniq_erica
D:12:     layout_cave_pools, uniq_fannar, uniq_josephine, uniq_maurice
D:13:     layout_cave_pods, serial_park_tiny_2, nicolae_ashenzari_panopticon
D:14:     layout_loops_ring, grunt_vaults_entry_tiered, old_standard_altar,
          serial_shops, shop
D:15:     gammafunk_depths_entry_grave, layout_layer_cave, basic_altar,
          minmay_misc_feat_square
Lair:1:   minmay_guarded_unrand_snakebite, layout_regular_city,
          minmay_lair_oklob_chamber
Lair:2:   layout_long_grid, shoals_dummy_entry, ldierk_geyser, fungi_pond_lemuel
Lair:3:   layout_cave_pods, minmay_snake_entry_six_corridors,
          minmay_lindwurm_lava
Lair:4:   layout_long_grid, grunt_megastairs_2
Lair:5:   layout_cave_shapes, minmay_slime_entry_oklob_open,
          nicolae_quartered_pool_medium
Lair:6:   wormcave, layout_long_grid, hangedman_lair_in_review, uniq_urug
Shoals:1: layout_shoals, serial_shops, nicolae_shop_waterfront, shop, shop,
          nicolae_shop_temple_entry_statues_fountains
Shoals:2: layout_shoals
Shoals:3: layout_shoals, uniq_ilsuiw
Shoals:4: shoals_end_grunt_garden, layout_shoals, uniq_donald

Skill      XL: |  1  2  3  4  5  6  7  8  9 10 11 12 13 14 15 16 |
---------------+-------------------------------------------------+-----
Invocations    | 1 2 3 4 5 6 7 8 9 10 11 | 11.9
Short Blades   | 1 2 3 4 5 6 7 8 9 10 11 | 11.0
Long Blades    | 1 2 3 4 5 6 7 8 9 10 11 | 11.0
Axes           | 1 2 3 4 5 6 7 8 9 10 11 | 11.0
Polearms       | 1 2 3 4 5 6 7 8 9 10 11 | 11.0
Staves         | 1 2 3 4 5 6 7 8 9 10 11 | 11.0
Slings         | 1 2 3 4 5 6 7 8 9 10 11 | 11.0
Bows           | 1 2 3 4 5 6 7 8 9 10 11 | 11.0
Crossbows      | 1 2 3 4 5 6 7 8 9 10 11 | 11.0
Throwing       | 1 2 3 4 5 6 7 8 9 10 11 | 11.0
Dodging        | 1 2 3 4 5 6 7 8 9 10 11 | 11.0
Stealth        | 1 2 3 4 5 6 7 8 9 10 11 | 11.0
Unarmed Combat | 1 2 3 4 5 6 7 8 9 10 11 | 11.0
Spellcasting   | 1 2 3 4 5 6 7 8 9 10 11 | 11.0
Evocations     | 1 2 3 4 5 6 7 8 9 10 11 | 11.0
Conjurations   | 1 2 3 4 5 6 7 8 9 |  9.4
Hexes          | 1 2 3 4 5 6 7 8 9 |  9.4
Charms         | 1 2 3 4 5 6 7 8 9 |  9.4
Summonings     | 1 2 3 4 5 6 7 8 9 |  9.4
Necromancy     | 1 2 3 4 5 6 7 8 9 |  9.4
Translocations | 1 2 3 4 5 6 7 8 9 |  9.4
Transmutations | 1 2 3 4 5 6 7 8 9 |  9.4
Fire Magic     | 1 2 3 4 5 6 7 8 9 |  9.4
Ice Magic      | 1 2 3 4 5 6 7 8 9 |  9.4
Air Magic      | 1 2 3 4 5 6 7 8 9 |  9.4
Earth Magic    | 1 2 3 4 5 6 7 8 9 |  9.4
Poison Magic   | 1 2 3 4 5 6 7 8 9 |  9.4
Maces & Flails | 5 6 7 8 9 10 11 | 11.8
Fighting       | 7 8 9 10 11 12 | 12.5
Armour         | 7 8 9 10 11 12 | 12.5
Shields        | 7 8 9 10 11 12 | 12.5

Action                   |  1- 3 |  4- 6 |  7- 9 | 10-12 | 13-15 | 16-18 || total
-------------------------+-------+-------+-------+-------+-------+-------++-------
Melee: Mace              |    22 |       |       |       |       |       ||    22
       Flail             |    94 |   173 |   279 |   516 |       |       ||  1062
       Bite              |    20 |    16 |    31 |   117 |   333 |   116 ||   633
       Kick              |       |    19 |   104 |   328 |   435 |       ||   886
       Whip              |       |       |       |    97 |  1453 |   689 ||  2239
 Cast: Magic Dart        |       |       |       |     2 |     1 |     7 ||    10
       Flame Tongue      |       |       |       |     4 |       |       ||     4
       Blink             |       |       |       |       |     2 |       ||     2
Invok: Divine Shield     |       |       |       |       |       |     1 ||     1
Evoke: Wand              |       |       |       |     1 |       |       ||     1
       Sack of spiders   |       |       |       |       |       |     2 ||     2
       Fan of gales      |       |       |       |       |       |     1 ||     1
  Use: Scroll            |     4 |     5 |     3 |     9 |    18 |    15 ||    54
       Potion            |     1 |     1 |     4 |     4 |     5 |    14 ||    29
  Eat: Chunk             |     2 |     6 |    10 |    15 |    23 |    12 ||    68
       Ration            |       |       |       |       |     1 |       ||     1
Armor: Scale mail        |    40 |    43 |    62 |   123 |       |       ||   268
       Plate armour      |       |    51 |    40 |    10 |   541 |   259 ||   901
Dodge: Dodged            |    49 |    69 |   143 |   302 |   627 |   419 ||  1609
Block: Shield            |    66 |   111 |   198 |   385 |   799 |   535 ||  2094
